ABL
NEW YORK METS @ SAN DIEGO PADRES
08/07/2047
 
TOP OF THE 1ST
New York Mets batting - Pitching for San Diego Padres : RHP Jeremy Van Dorn
Pitching: RHP Jeremy Van Dorn
Batting: RHB Josh Schley 0-0: Ground out 1-3 (Groundball, 13, EV 70.6 MPH)
Batting: LHB Jonathan Childers 0-0: Ball
1-0: Foul Ball, location: 7LMF
1-1: Ground out 1-3 (Groundball, 13S, EV 64.4 MPH)
Batting: SHB Rodolfo Estrada 0-0: Foul Ball, location: 2F
0-1: Foul Ball, location: 3F
0-2: Ball
1-2: Ball
2-2: Ground out U3 (Groundball, 3L, EV 92.5 MPH)
Top of the 1st over - 0 runs, 0 hits, 0 errors, 0 left on base; New York 0 - San Diego 0
BOTTOM OF THE 1ST
San Diego Padres batting - Pitching for New York Mets : RHP Kelyn Frude
Pitching: RHP Kelyn Frude
Batting: LHB Dave Gholston 0-0: Ball
1-0: Ball
2-0: Called Strike
2-1: Ball
3-1: SOLO HOME RUN (Flyball, 9LD, EV 92.5 MPH), Distance : 354 ft
Batting: RHB Arturo Viana 0-0: SINGLE (Groundball, 25, EV 75.0 MPH) (infield hit)
Batting: LHB Joel Harvey 0-0: Called Strike
0-1: Ball
1-1: Ball
2-1: Ball
3-1: Foul Ball, location: 2F
3-2: Base on Balls
Arturo Viana to second
Batting: LHB Jan Reimers 0-0: Foul Ball, location: 3F
0-1: Ball
1-1: Foul Ball, location: 3F
1-2: Ball
2-2: Foul Ball, location: 2F
2-2: Foul Ball, location: 9LDF
2-2: Fly out, F8 (Flyball, 8LXD, EV 101.9 MPH)
Runner from 2nd tags up, SAFE at 3rd, no throw by CF
Batting: RHB Mike Perez 0-0: Called Strike
Joel Harvey steals 2nd base
0-1: Foul Ball, location: 2F
0-2: Fly out, F5 (Popup, 5SF, EV 82.5 MPH)
Batting: LHB Juan Jaramillo 0-0: Swinging Strike
0-1: Ball
1-1: Ball
2-1: Called Strike
2-2: Strikes out looking
Bottom of the 1st over - 1 run, 2 hits, 0 errors, 2 left on base; New York 0 - San Diego 1
TOP OF THE 2ND
New York Mets batting - Pitching for San Diego Padres : RHP Jeremy Van Dorn
Batting: SHB Mike Jack 0-0: Ball
1-0: Ground out 4-3 (Groundball, 4, EV 80.0 MPH)
Batting: RHB Arturo Lamorie 0-0: Ball
1-0: Called Strike
1-1: Fly out, F4 (Popup, 4MD, EV 47.5 MPH)
Batting: RHB Ken Moore 0-0: Called Strike
0-1: Ball
1-1: Ball
2-1: Ball
3-1: Ground out 3-1 (Groundball, 34, EV 94.4 MPH)
Top of the 2nd over - 0 runs, 0 hits, 0 errors, 0 left on base; New York 0 - San Diego 1
BOTTOM OF THE 2ND
San Diego Padres batting - Pitching for New York Mets : RHP Kelyn Frude
Batting: RHB Andy Osborne 0-0: Fly out, F6 (Popup, 6MS, EV 78.8 MPH)
Batting: RHB Esteban Olivas 0-0: Ball
1-0: Foul Ball, location: 9LMF
1-1: DOUBLE (Flyball, 9LD, EV 110.0 MPH)
Batting: RHB Kevin Hasty 0-0: Called Strike
0-1: Fly out, F3 (Popup, 3L, EV 56.3 MPH)
Batting: LHB Dave Gholston 0-0: Ball
1-0: SINGLE (Groundball, 56S, EV 69.4 MPH) (infield hit)
Esteban Olivas to third
Batting: RHB Arturo Viana 0-0: Called Strike
0-1: Ball
1-1: Ground out U3 (Groundball, 3, EV 108.8 MPH)
Bottom of the 2nd over - 0 runs, 2 hits, 0 errors, 2 left on base; New York 0 - San Diego 1
TOP OF THE 3RD
New York Mets batting - Pitching for San Diego Padres : RHP Jeremy Van Dorn
Batting: RHB Jarod Eichele 0-0: Called Strike
0-1: Ball
1-1: Foul Ball, location: 2F
1-2: Ball
2-2: Ball
3-2: Foul Ball, location: 2LF
3-2: Ground out 2-3 (Groundball, 2R, EV 67.5 MPH)
Batting: SHB Luis Villa 0-0: Called Strike
0-1: Ground out 4-3 (Groundball, 4D, EV 88.1 MPH)
Batting: LHB Jake Ashburn 0-0: Foul Ball, location: 2F
0-1: Ball
1-1: Fly out, F8 (Line Drive, 78S, EV 78.8 MPH)
Top of the 3rd over - 0 runs, 0 hits, 0 errors, 0 left on base; New York 0 - San Diego 1
BOTTOM OF THE 3RD
San Diego Padres batting - Pitching for New York Mets : RHP Kelyn Frude
Batting: LHB Joel Harvey 0-0: Ball
1-0: Called Strike
1-1: Ball
2-1: Called Strike
2-2: Ground out 4-3 (Groundball, 4, EV 85.6 MPH)
Batting: LHB Jan Reimers 0-0: Ball
1-0: Ball
2-0: Called Strike
2-1: Fly out, F5 (Line Drive, 6, EV 65.6 MPH)
Batting: RHB Mike Perez 0-0: Foul Ball, location: 23F
0-1: Ball
1-1: Ball
2-1: DOUBLE (Line Drive, 78D, EV 103.8 MPH)
Batting: LHB Juan Jaramillo 0-0: Ball
1-0: SINGLE (Line Drive, 4D, EV 95.6 MPH)
Mike Perez to third
Runner from 3rd tries for Home, SAFE, throw by RF to home
Batting: RHB Andy Osborne 0-0: Foul Ball, location: 25FF
0-1: Ball
1-1: Ball
Passed Ball!
Juan Jaramillo to second
2-1: Called Strike
2-2: Foul Ball, location: 7LDF
2-2: 2-RUN HOME RUN (Flyball, 78XD, EV 98.1 MPH), Distance : 399 ft
Batting: RHB Esteban Olivas 0-0: Swinging Strike
0-1: Ground out 6-3 (Groundball, 6, EV 95.6 MPH)
Bottom of the 3rd over - 3 runs, 3 hits, 0 errors, 0 left on base; New York 0 - San Diego 4
TOP OF THE 4TH
New York Mets batting - Pitching for San Diego Padres : RHP Jeremy Van Dorn
Batting: RHB Josh Schley 0-0: Ball
1-0: Ball
2-0: Ground out 6-3 (Groundball, 56, EV 104.4 MPH)
Batting: LHB Jonathan Childers 0-0: Ball
1-0: Ball
2-0: Foul Ball, location: 2F
2-1: Ball
3-1: Called Strike
3-2: Foul Ball, location: 9LMF
3-2: Ground out 4-3 (Groundball, 4, EV 83.8 MPH)
Batting: SHB Rodolfo Estrada 0-0: Called Strike
0-1: Called Strike
0-2: Strikes out swinging
Top of the 4th over - 0 runs, 0 hits, 0 errors, 0 left on base; New York 0 - San Diego 4
BOTTOM OF THE 4TH
San Diego Padres batting - Pitching for New York Mets : RHP Kelyn Frude
Batting: RHB Kevin Hasty 0-0: Swinging Strike
0-1: Swinging Strike
0-2: Ball
1-2: Ground out 6-3 (Groundball, 4MD, EV 95.6 MPH)
Batting: LHB Dave Gholston 0-0: Foul Ball, location: 3F
0-1: Swinging Strike
0-2: Ball
1-2: Foul Ball, location: 2F
1-2: Ball
2-2: Ball
3-2: Foul Ball, location: 2F
3-2: Base on Balls
Batting: RHB Arturo Viana 0-0: Ball
Dave Gholston steals 2nd base
1-0: Ball
2-0: Foul Ball, location: 5F
2-1: DOUBLE (Line Drive, 3D, EV 96.9 MPH)
Dave Gholston scores
Pitching: RHP Josh Carter
Batting: LHB Joel Harvey 0-0: Ball
1-0: Ball
2-0: Ball
3-0: Base on Balls
Batting: LHB Jan Reimers 0-0: Called Strike
0-1: Ball
1-1: Foul Ball, location: 7LDF
1-2: Strikes out swinging
Batting: RHB Mike Perez 0-0: Foul Ball, location: 5F
0-1: Fly out, F8 (Line Drive, 8RD, EV 101.3 MPH)
Bottom of the 4th over - 1 run, 1 hit, 0 errors, 2 left on base; New York 0 - San Diego 5
TOP OF THE 5TH
New York Mets batting - Pitching for San Diego Padres : RHP Jeremy Van Dorn
Batting: SHB Mike Jack 0-0: Swinging Strike
0-1: Ball
1-1: Swinging Strike
1-2: Ball
2-2: Strikes out looking
Batting: RHB Arturo Lamorie 0-0: Called Strike
0-1: Foul Ball, location: 9LMF
0-2: Foul Ball, location: 2F
0-2: Ground out 4-3 (Groundball, 4M, EV 79.4 MPH)
Batting: RHB Ken Moore 0-0: Swinging Strike
0-1: Foul Ball, location: 9LMF
0-2: Strikes out swinging
Top of the 5th over - 0 runs, 0 hits, 0 errors, 0 left on base; New York 0 - San Diego 5
BOTTOM OF THE 5TH
San Diego Padres batting - Pitching for New York Mets : RHP Josh Carter
Batting: LHB Juan Jaramillo 0-0: Ball
1-0: Called Strike
1-1: Ground out U3 (Groundball, 3L, EV 104.4 MPH)
Batting: RHB Andy Osborne 0-0: Swinging Strike
0-1: Foul Ball, location: 2F
0-2: Ball
1-2: Foul Ball, location: 2F
1-2: Foul Ball, location: 23F
1-2: Ground out U3 (Groundball, 3S, EV 91.9 MPH)
Batting: RHB Esteban Olivas 0-0: Ball
1-0: Ball
2-0: Ball
3-0: Called Strike
3-1: DOUBLE (Line Drive, 89D, EV 102.5 MPH)
Batting: RHB Kevin Hasty 0-0: Called Strike
0-1: Ball
1-1: Called Strike
1-2: Ball
2-2: Strikes out swinging
Bottom of the 5th over - 0 runs, 1 hit, 0 errors, 1 left on base; New York 0 - San Diego 5
TOP OF THE 6TH
New York Mets batting - Pitching for San Diego Padres : RHP Jeremy Van Dorn
Batting: RHB Jarod Eichele 0-0: Ball
1-0: Called Strike
1-1: Foul Ball, location: 2F
1-2: Strikes out swinging
Batting: SHB Luis Villa 0-0: Ball
1-0: Foul Ball, location: 3DF
1-1: Foul Ball, location: 5FF
1-2: Strikes out swinging
Batting: LHB Jake Ashburn 0-0: Ball
1-0: Foul Ball, location: 23FF
1-1: Called Strike
1-2: Fly out, F4 (Line Drive, 4, EV 73.8 MPH)
Top of the 6th over - 0 runs, 0 hits, 0 errors, 0 left on base; New York 0 - San Diego 5
BOTTOM OF THE 6TH
San Diego Padres batting - Pitching for New York Mets : RHP Josh Carter
Pitching: RHP Sergio Gudino
Batting: LHB Dave Gholston 0-0: Foul Ball, location: 7LMF
0-1: SOLO HOME RUN (Flyball, 9LD, EV 93.8 MPH), Distance : 352 ft
Batting: RHB Arturo Viana 0-0: Ball
1-0: Foul Ball, location: 7LMF
1-1: Fly out, F9 (Flyball, 9S, EV 91.3 MPH)
Batting: LHB Joel Harvey 0-0: Ball
1-0: Fly out, F7 (Flyball, 7S, EV 83.8 MPH)
Batting: LHB Jan Reimers 0-0: Swinging Strike
0-1: Foul Ball, location: 3FF
0-2: Strikes out looking
Bottom of the 6th over - 1 run, 1 hit, 0 errors, 0 left on base; New York 0 - San Diego 6
TOP OF THE 7TH
New York Mets batting - Pitching for San Diego Padres : RHP Jeremy Van Dorn
Batting: RHB Josh Schley 0-0: Ball
1-0: Fly out, F7 (Flyball, 7D, EV 96.9 MPH)
Batting: LHB Jonathan Childers 0-0: Ball
1-0: Called Strike
1-1: Swinging Strike
1-2: Foul Ball, location: 2F
1-2: Fly out, F7 (Line Drive, 7, EV 86.3 MPH)
Batting: SHB Rodolfo Estrada 0-0: Ball
1-0: Called Strike
1-1: Ball
2-1: Ground out 6-3 (Groundball, 6, EV 85.6 MPH)
Top of the 7th over - 0 runs, 0 hits, 0 errors, 0 left on base; New York 0 - San Diego 6
BOTTOM OF THE 7TH
San Diego Padres batting - Pitching for New York Mets : RHP Sergio Gudino
Batting: RHB Mike Perez 0-0: Ball
1-0: Ball
2-0: Foul Ball, location: 2F
2-1: Called Strike
2-2: Foul Ball, location: 2F
2-2: Ball
3-2: Ground out 6-3 (Groundball, 6D, EV 100.0 MPH)
Batting: LHB Juan Jaramillo 0-0: Called Strike
0-1: Foul Ball, location: 2F
0-2: DOUBLE (Line Drive, 78M, EV 99.4 MPH)
Batting: RHB Andy Osborne 0-0: Ball
1-0: Called Strike
1-1: Ball
2-1: Foul Ball, location: 2F
2-2: Foul Ball, location: 3F
2-2: Strikes out swinging
Batting: RHB Esteban Olivas 0-0: Ball
1-0: Ball
2-0: Foul Ball, location: 2F
2-1: Foul Ball, location: 23F
2-2: Ground out 4-3 (Groundball, 4, EV 85.6 MPH)
Bottom of the 7th over - 0 runs, 1 hit, 0 errors, 1 left on base; New York 0 - San Diego 6
TOP OF THE 8TH
New York Mets batting - Pitching for San Diego Padres : RHP Jeremy Van Dorn
Batting: SHB Mike Jack 0-0: Called Strike
0-1: Ball
1-1: Ball
2-1: Ball
3-1: Foul Ball, location: 3F
3-2: Ground out U3 (Groundball, 34S, EV 82.5 MPH)
Batting: RHB Arturo Lamorie 0-0: Called Strike
0-1: Called Strike
0-2: Strikes out looking
Batting: RHB Ken Moore 0-0: Swinging Strike
0-1: Ball
1-1: Called Strike
1-2: Ground out 5-3 (Groundball, 56, EV 83.8 MPH)
Top of the 8th over - 0 runs, 0 hits, 0 errors, 0 left on base; New York 0 - San Diego 6
BOTTOM OF THE 8TH
San Diego Padres batting - Pitching for New York Mets : RHP Sergio Gudino
Pitching: RHP Ezequiel Liriano
Batting: RHB Kevin Hasty 0-0: Foul Ball, location: 23F
0-1: SINGLE (Groundball, 4D, EV 103.8 MPH)
Batting: LHB Dave Gholston 0-0: Called Strike
0-1: Foul Ball, location: 5F
0-2: Ball
1-2: Strikes out swinging
Batting: RHB Arturo Viana 0-0: Swinging Strike
0-1: Fly out, F3 (Popup, 3DF, EV 73.1 MPH)
Batting: LHB Joel Harvey 0-0: Ball
1-0: Ball
2-0: Fly out, F9 (Flyball, 9LD, EV 104.4 MPH)
Bottom of the 8th over - 0 runs, 1 hit, 0 errors, 1 left on base; New York 0 - San Diego 6
TOP OF THE 9TH
New York Mets batting - Pitching for San Diego Padres : RHP Jeremy Van Dorn
Batting: RHB Jarod Eichele 0-0: Fly out, F7 (Flyball, 7, EV 97.5 MPH)
Batting: SHB Luis Villa 0-0: Ground out U3 (Groundball, 34, EV 89.4 MPH)
Batting: LHB Jake Ashburn 0-0: Swinging Strike
0-1: Fly out, F6 (Line Drive, 6D, EV 70.0 MPH)
Top of the 9th over - 0 runs, 0 hits, 0 errors, 0 left on base; New York 0 - San Diego 6
Tuesday, April 23rd , 2024 - OOTP Baseball 24.11 Build 85